 Dungeon Crawl Stone Soup version 0.18-a0-1426-g3b9a63c (webtiles) character file.

145 bloomaan the Grave Robber (level 5, -6/37 HPs)
             Began as a Human Necromancer on Feb 27, 2016.
             Killed by divine providence
             ... invoked by an orc priest
              (12 damage)
             ... on level 4 of the Dungeon.
             The game lasted 00:18:02 (2129 turns).

bloomaan the Grave Robber (Human Necromancer)       Turns: 2129, Time: 00:18:02

Health: -6/37      AC:  4    Str: 11    XL:     5   Next: 53%
Magic:  6/10       EV: 13    Int: 17    God:
Gold:   123        SH:  0    Dex: 13    Spells: 4 memorised, 2 levels left

rFire  . . .     SeeInvis .     d - +0 whip
rCold  . . .     Gourm    .     a - +0 robe
rNeg   . . .     Faith    .     (no shield)
rPois  .         Spirit   .     (no helmet)
rElec  .         Dismiss  .     (no cloak)
rCorr  .         Reflect  .     h - +1 pair of gloves {Str+3}
SustAt .         Harm     .     (no boots)
MR     .....                    (no amulet)
Stlth  ++........               (no ring)
                                (no ring)

@: very slightly contaminated, not resistant to hostile enchantments, unstealthy
A: no striking features
a: no special abilities


You were on level 4 of the Dungeon.
You were not hungry.

You visited 1 branch of the dungeon, and saw 5 of its levels.

You collected 123 gold pieces.

Inventory:

Hand Weapons
 d - a +0 whip (weapon)
Armour
 a - a +0 robe (worn)
 h - a +1 pair of gloves of strength (worn)
Jewellery
 i - an uncursed ring of ice {unknown}
Scrolls
 j - 2 scrolls of noise {unknown}
 l - a scroll of remove curse {unknown}
 r - a scroll of blinking {unknown}
 s - a scroll of teleportation {unknown}
 t - a scroll of fear {unknown}
 u - a scroll of identify {unknown}
 v - a scroll of magic mapping {unknown}
Potions
 e - a potion of beneficial mutation {unknown}
 n - a potion of agility {unknown}
 p - a potion of degeneration {unknown}
 q - a potion of curing {unknown}
 w - a potion of flight {unknown}
Books
 b - a book of Necromancy

   Spells                             Type                      Level
   a - Pain                           Necromancy                   1
   b - Animate Skeleton               Necromancy                   1
   c - Vampiric Draining              Necromancy                   3
   d - Regeneration                   Charms/Necromancy            3
   e - Animate Dead                   Necromancy                   4
   f - Control Undead                 Necromancy                   4
Comestibles
 c - 2 bread rations
 g - a slice of pizza
 k - 2 beef jerkies
 m - a royal jelly


   Skills:
 + Level 1.0 Fighting
 + Level 0.2 Maces & Flails
 + Level 2.6 Dodging
 + Level 2.0 Stealth
 + Level 3.5 Spellcasting
 + Level 4.9 Necromancy


You had 2 spell levels left.
You knew the following spells:

 Your Spells              Type           Power        Failure   Level  Hunger
a - Pain                  Necr           ###.         2%          1    None
b - Animate Skeleton      Necr           N/A          2%          1    None
c - Vampiric Draining     Necr           ###.......   10%         3    ###....
d - Control Undead        Necr           ###.......   24%         4    ####...


Dungeon Overview and Level Annotations

Branches:
Dungeon (5/15)
 Temple: D:4-7

Altars:


Message History

The orc hits you but does no damage.
Casting: Pain
Confirm with . or Enter, or press ? or * to list all spells.
Aiming: Pain
Press: ? - help, Shift-Dir - straight line, f - orc
Aim: an orc, wielding a morningstar (chance to defeat MR: 94%)
You miscast Pain.
You are very lightly contaminated with residual magic.
Nothing appears to happen.
The orc hits you with a flail of protection.
* * * LOW HITPOINT WARNING * * *
Casting: Pain
Confirm with . or Enter, or press ? or * to list all spells.
Aiming: Pain
Press: ? - help, Shift-Dir - straight line, f/p - orc
Aim: an orc, wielding a morningstar (chance to defeat MR: 94%)
The orc convulses in agony!
The orc hits you but does no damage.
The orc priest mumbles some strange prayers to Beogh against you.
Beogh smites you!
You die...

......#######
......^...... ..
.....>#### ..
.........######.
......##......#.
......##..###.#o
...#####..# #.#o
.....# #..#
#.#o###
..........#
#.#o@.#
.###.###.##
#.###.# .# .#
#.# #.# #.# ...
<. .. #.# #.#
#### ##
#.###.######
#............
#####.#######
#.# #.#


You could see an orc priest, an orc wizard and 2 orcs.

Vanquished Creatures
  A scorpion (D:4)
  A hound (D:4)
  3 adders
  2 dart slugs
  A giant gecko (D:4)
  5 bats
  A giant cockroach (D:4)
  3 goblins
  5 hobgoblins
  3 quokkas (D:4)
  A giant newt (D:4)
  4 kobolds
  A rat (D:2)
31 creatures vanquished.

Vanquished Creatures (collateral kills)
  A ball python (D:3)
  A kobold (D:3)
2 creatures vanquished.

Grand Total: 33 creatures vanquished

Notes
Turn   | Place    | Note
--------------------------------------------------------------
     0 | D:1      | bloomaan the Human Necromancer began the quest for the Orb.
     0 | D:1      | Reached XP level 1. HP: 13/13 MP: 3/3
     6 | D:1      | Learned a level 1 spell: Animate Skeleton
   327 | D:1      | Reached XP level 2. HP: 16/19 MP: 0/5
   938 | D:3      | Reached XP level 3. HP: 18/24 MP: 0/6
  1001 | D:3      | HP: 1/24 [poisoned by an adder]
  1251 | D:4      | Reached XP level 4. HP: 21/30 MP: 3/8
  1558 | D:4      | Reached skill level 1 in Fighting
  1558 | D:4      | Reached XP level 5. HP: 15/37 MP: 3/10
  1813 | D:5      | Entered Level 5 of the Dungeon
  2089 | D:4      | Learned a level 3 spell: Vampiric Draining
  2094 | D:4      | Learned a level 4 spell: Control Undead
  2129 | D:4      | Killed from afar by an orc priest

Vault maps used:
D:1:      eino_arrival_cavern_d
D:2:      first_bread, uniq_sigmund, uniq_natasha
D:3:      nicolae_overflow_hidden_temple
D:5:      uniq_duvessa, uniq_eustachio

Skill      XL: |  1  2  3  4 |
---------------+-------------+-----
Spellcasting   | 3 |  3.5
Fighting       | 1 |  1.0
Maces & Flails | |  0.2
Dodging        | |  2.6
Stealth        | |  2.0
Necromancy     | |  4.9

Action                   |  1- 3 |  4- 6 || total
-------------------------+-------+-------++-------
Melee: Whip              |    11 |     8 ||    19
 Cast: Pain              |    41 |    35 ||    76
       Animate Skeleton  |     2 |       ||     2
  Use: Potion            |     3 |     1 ||     4
  Eat: Chunk             |     1 |     3 ||     4
